TOP OF THE 1ST |
Florida State Seminoles batting - Pitching for Arizona State Sun Devils : RHP Brad Tatum
|
Pitching: RHP Brad Tatum
|
|
Batting: LHB Jeff Stevens
|
0-0: Foul Ball, location: 2F 0-1: Foul Ball, location: 2F 0-2: Ball 1-2: Foul Ball, location: 2F 1-2: Ball 2-2: Foul Ball, location: 2F 2-2: Strikes out looking
|
Batting: RHB Quentin Underwood
|
0-0: Ball 1-0: Ball 2-0: Swinging Strike 2-1: Foul Ball, location: 2F 2-2: Strikes out swinging
|
Batting: LHB Connor Moss
|
0-0: Ball 1-0: Swinging Strike 1-1: Foul Ball, location: 2F 1-2: Foul Ball, location: 2F 1-2: Foul Ball, location: 2F 1-2: Foul Ball, location: 2F 1-2: Foul Ball, location: 2F 1-2: Fly out, F5 (Line Drive, 5L)
|
Top of the 1st over - 0 runs, 0 hits, 0 errors, 0 left on base; Florida State 0 - Arizona State 0 |
BOTTOM OF THE 1ST |
Arizona State Sun Devils batting - Pitching for Florida State Seminoles : RHP Dale Kelley
|
Pitching: RHP Dale Kelley
|
|
Batting: RHB Dan Utermarck
|
0-0: Ball 1-0: Ball 2-0: Swinging Strike 2-1: Called Strike 2-2: Ball 3-2: Base on Balls
|
Batting: LHB José Serrano
|
0-0: Ball 1-0: Ball 2-0: Called Strike 2-1: Foul Ball, location: 2F 2-2: SINGLE (Flyball, 78M) Dan Utermarck to second
|
Batting: RHB Cristo Avalos
|
0-0: Foul Ball, location: 2F 0-1: Foul Ball, location: 2F 0-2: SINGLE (Groundball, 56D) Dan Utermarck to third José Serrano to second
|
Batting: RHB Gil Gardner
|
0-0: Called Strike 0-1: Ball 1-1: Foul Ball, location: 2F 1-2: Ball 2-2: Strikes out swinging
|
Batting: LHB Lou Townsend
|
0-0: Foul Ball, location: 2F 0-1: Foul Ball, location: 2F 0-2: Ball 1-2: Fly out, F9 (Flyball, 89M) Runner from 3rd tags up, SCORES, no throw
|
Batting: LHB Leonardo Ríos
|
0-0: DOUBLE (Flyball, 89D) José Serrano scores Cristo Avalos to third
|
Batting: RHB Robbie Harris
|
0-0: Fly out, F4 (Popup, 4S)
|
Bottom of the 1st over - 2 runs, 3 hits, 0 errors, 2 left on base; Florida State 0 - Arizona State 2 |
TOP OF THE 2ND |
Florida State Seminoles batting - Pitching for Arizona State Sun Devils : RHP Brad Tatum
|
Batting: RHB Bill Rice
|
0-0: SINGLE (Flyball, 7S)
|
Batting: LHB Millard Myers
|
0-0: Ball 1-0: Foul Ball, location: 2F 1-1: Ball 2-1: Ball 3-1: Swinging Strike 3-2: Fly out, F8 (Flyball, 78D)
|
Batting: RHB Edgar Muñóz
|
0-0: Ball 1-0: Called Strike 1-1: Ball 2-1: SINGLE (Line Drive, 6D) Bill Rice to second
|
Batting: RHB Harry Ray
|
0-0: Ball 1-0: Foul Ball, location: 2F 1-1: Fielders Choice at 2nd, 6-4 (Groundball, 6M) Bill Rice to third
|
Batting: RHB Gil Olson
|
0-0: Foul Ball, location: 2F 0-1: Ground out 4-3 (Groundball, 4)
|
Top of the 2nd over - 0 runs, 2 hits, 0 errors, 2 left on base; Florida State 0 - Arizona State 2 |
BOTTOM OF THE 2ND |
Arizona State Sun Devils batting - Pitching for Florida State Seminoles : RHP Dale Kelley
|
Batting: LHB Christian Lindsey
|
0-0: Called Strike 0-1: Called Strike 0-2: SINGLE (Line Drive, 8RS)
|
Batting: RHB Michael Irvin
|
0-0: Fly out, F3 (Popup, 34S)
|
Batting: RHB Dan Utermarck
|
0-0: Ball 1-0: Foul Ball, location: 2F 1-1: Foul Ball, location: 2F 1-2: Foul Ball, location: 2F 1-2: Foul Ball, location: 2F 1-2: Fly out, F7 (Flyball, 78M)
|
Now in LF: Alberto Flores
|
|
Batting: LHB José Serrano
|
0-0: Called Strike 0-1: Swinging Strike 0-2: Ball Christian Lindsey is caught stealing 2nd base
|
Bottom of the 2nd over - 0 runs, 1 hit, 0 errors, 0 left on base; Florida State 0 - Arizona State 2 |
TOP OF THE 3RD |
Florida State Seminoles batting - Pitching for Arizona State Sun Devils : RHP Brad Tatum
|
Batting: RHB António Costello
|
0-0: Called Strike 0-1: Fly out, F7 (Line Drive, 78D)
|
Batting: RHB Alberto Flores
|
0-0: Ball 1-0: Foul Ball, location: 2F 1-1: Ball 2-1: SINGLE (Flyball, 89M)
|
Batting: RHB Quentin Underwood
|
0-0: Swinging Strike 0-1: Ball 1-1: Ball 2-1: SINGLE (Flyball, 3D) Alberto Flores to second
|
Batting: LHB Connor Moss
|
0-0: Ball 1-0: Foul Ball, location: 2F 1-1: Ball 2-1: Called Strike 2-2: Ball 3-2: Strikes out swinging
|
Batting: RHB Bill Rice
|
0-0: Ball 1-0: Ball 2-0: Called Strike 2-1: Ball 3-1: Base on Balls Alberto Flores to third Quentin Underwood to second
|
Batting: LHB Millard Myers
|
0-0: Foul Ball, location: 2F 0-1: Ball 1-1: Foul Ball, location: 2F 1-2: Ball 2-2: Strikes out swinging
|
Top of the 3rd over - 0 runs, 2 hits, 0 errors, 3 left on base; Florida State 0 - Arizona State 2 |
BOTTOM OF THE 3RD |
Arizona State Sun Devils batting - Pitching for Florida State Seminoles : RHP Dale Kelley
|
Batting: LHB José Serrano
|
0-0: Foul Ball, location: 2F 0-1: Foul Ball, location: 2F 0-2: Ball 1-2: Foul Ball, location: 2F 1-2: Foul Ball, location: 2F 1-2: Ground out 3-1 (Groundball, 34S)
|
Batting: RHB Cristo Avalos
|
0-0: Ground out 1-3 (Groundball, 13)
|
Batting: RHB Gil Gardner
|
0-0: Called Strike 0-1: Ball 1-1: Ball 2-1: Ball 3-1: Base on Balls
|
Batting: LHB Lou Townsend
|
0-0: Ball 1-0: Fielders Choice at 2nd, 6-4 (Groundball, 6)
|
Bottom of the 3rd over - 0 runs, 0 hits, 0 errors, 1 left on base; Florida State 0 - Arizona State 2 |
TOP OF THE 4TH |
Florida State Seminoles batting - Pitching for Arizona State Sun Devils : RHP Brad Tatum
|
Batting: RHB Edgar Muñóz
|
0-0: Called Strike 0-1: Ball 1-1: Called Strike 1-2: Strikes out swinging
|
Batting: RHB Harry Ray
|
0-0: Ball 1-0: Called Strike 1-1: Swinging Strike 1-2: DOUBLE (Line Drive, 7LM)
|
Batting: RHB Gil Olson
|
0-0: Ball 1-0: Ground out 5-3 (Groundball, 56)
|
Batting: RHB António Costello
|
0-0: Called Strike 0-1: Foul Ball, location: 2F 0-2: Ball 1-2: Ball 2-2: Strikes out looking
|
Top of the 4th over - 0 runs, 1 hit, 0 errors, 1 left on base; Florida State 0 - Arizona State 2 |
BOTTOM OF THE 4TH |
Arizona State Sun Devils batting - Pitching for Florida State Seminoles : RHP Dale Kelley
|
Batting: LHB Leonardo Ríos
|
0-0: Ball 1-0: Ball 2-0: Foul Ball, location: 2F 2-1: Ball 3-1: Ground out 4-3 (Groundball, 4)
|
Batting: RHB Robbie Harris
|
0-0: Ball 1-0: Called Strike 1-1: Called Strike 1-2: Strikes out swinging
|
Batting: LHB Christian Lindsey
|
0-0: Ball 1-0: SINGLE (Groundball, 25) (infield hit)
|
Batting: RHB Michael Irvin
|
0-0: Called Strike 0-1: Ball 1-1: Swinging Strike 1-2: Fly out, F9 (Line Drive, 9D)
|
Bottom of the 4th over - 0 runs, 1 hit, 0 errors, 1 left on base; Florida State 0 - Arizona State 2 |
TOP OF THE 5TH |
Florida State Seminoles batting - Pitching for Arizona State Sun Devils : RHP Brad Tatum
|
Batting: RHB Alberto Flores
|
0-0: Called Strike 0-1: Foul Ball, location: 2F 0-2: Fly out, F7 (Flyball, 7D)
|
Pitching: RHP Carl Pearson
|
|
Batting: RHB Quentin Underwood
|
0-0: Ball 1-0: SINGLE (Groundball, 4D)
|
Batting: LHB Connor Moss
|
0-0: Ball 1-0: Grounds into double play, 6-4-3 (Groundball, 6M)
|
Top of the 5th over - 0 runs, 1 hit, 0 errors, 0 left on base; Florida State 0 - Arizona State 2 |
BOTTOM OF THE 5TH |
Arizona State Sun Devils batting - Pitching for Florida State Seminoles : RHP Dale Kelley
|
Batting: RHB Dan Utermarck
|
0-0: Ground out 6-3 (Groundball, 6)
|
Batting: LHB José Serrano
|
0-0: Called Strike 0-1: Ball 1-1: Fly out, F9 (Line Drive, 89M)
|
Batting: RHB Cristo Avalos
|
0-0: Ball 1-0: Fly out, F9 (Flyball, 9LSF)
|
Bottom of the 5th over - 0 runs, 0 hits, 0 errors, 0 left on base; Florida State 0 - Arizona State 2 |
TOP OF THE 6TH |
Florida State Seminoles batting - Pitching for Arizona State Sun Devils : RHP Carl Pearson
|
Batting: RHB Bill Rice
|
0-0: Called Strike 0-1: Ground out U3 (Groundball, 34)
|
Batting: LHB Millard Myers
|
0-0: Called Strike 0-1: SOLO HOME RUN (Flyball, 78XD), Distance : 363 ft
|
Batting: RHB Edgar Muñóz
|
0-0: Called Strike 0-1: Called Strike 0-2: Strikes out swinging, 2-3 out at first.
|
Batting: RHB Harry Ray
|
0-0: Ground out 6-3 (Groundball, 6)
|
Top of the 6th over - 1 run, 1 hit, 0 errors, 0 left on base; Florida State 1 - Arizona State 2 |
BOTTOM OF THE 6TH |
Arizona State Sun Devils batting - Pitching for Florida State Seminoles : RHP Dale Kelley
|
Batting: RHB Gil Gardner
|
0-0: Called Strike 0-1: Swinging Strike 0-2: Ball 1-2: Strikes out looking
|
Batting: LHB Lou Townsend
|
0-0: Called Strike 0-1: Foul Ball, location: 2F 0-2: Ball 1-2: Strikes out looking
|
Batting: LHB Leonardo Ríos
|
0-0: SOLO HOME RUN (Flyball, 9LD), Distance : 324 ft
|
Batting: RHB Robbie Harris
|
0-0: Called Strike 0-1: Ball 1-1: Foul Ball, location: 2F 1-2: Strikes out swinging
|
Bottom of the 6th over - 1 run, 1 hit, 0 errors, 0 left on base; Florida State 1 - Arizona State 3 |
TOP OF THE 7TH |
Florida State Seminoles batting - Pitching for Arizona State Sun Devils : RHP Carl Pearson
|
Batting: RHB Gil Olson
|
0-0: Called Strike 0-1: Ball 1-1: Ball 2-1: Foul Ball, location: 2F 2-2: Strikes out swinging
|
Batting: RHB António Costello
|
0-0: DOUBLE (Line Drive, 78D)
|
Batting: RHB Alberto Flores
|
0-0: Hit by Pitch
|
Batting: RHB Quentin Underwood
|
0-0: Foul Ball, location: 2F 0-1: Fly out, F5 (Popup, 15S)
|
Batting: LHB Connor Moss
|
0-0: Ball 1-0: Swinging Strike 1-1: Foul Ball, location: 2F 1-2: TRIPLE (Flyball, 7D) António Costello scores Alberto Flores scores
|
Pitching: RHP Jeff Pitts
|
|
Batting: RHB Bill Rice
|
0-0: Ball 1-0: Ball 2-0: Ball 3-0: Base on Balls
|
Batting: LHB Millard Myers
|
0-0: Ball 1-0: Ball 2-0: Called Strike 2-1: SINGLE (Groundball, 25) (infield hit) Connor Moss scores Bill Rice to second
|
Batting: RHB Edgar Muñóz
|
0-0: Ball 1-0: Ball 2-0: Foul Ball, location: 2F 2-1: Foul Ball, location: 2F 2-2: Ball 3-2: Foul Ball, location: 2F 3-2: Fly out, F2 (Popup, 23F)
|
Top of the 7th over - 3 runs, 3 hits, 0 errors, 2 left on base; Florida State 4 - Arizona State 3 |
BOTTOM OF THE 7TH |
Arizona State Sun Devils batting - Pitching for Florida State Seminoles : RHP Dale Kelley
|
Pitching: LHP Rick Wolf
|
|
Batting: LHB Christian Lindsey
|
0-0: Swinging Strike 0-1: Ground out U3 (Groundball, 34)
|
Batting: RHB Michael Irvin
|
0-0: Ball 1-0: Ball 2-0: Called Strike 2-1: Ball 3-1: Foul Ball, location: 2F 3-2: Strikes out swinging
|
Batting: RHB Dan Utermarck
|
0-0: Ball 1-0: Called Strike 1-1: Ball 2-1: Called Strike 2-2: Fly out, F7 (Line Drive, 7)
|
Bottom of the 7th over - 0 runs, 0 hits, 0 errors, 0 left on base; Florida State 4 - Arizona State 3 |
TOP OF THE 8TH |
Florida State Seminoles batting - Pitching for Arizona State Sun Devils : RHP Jeff Pitts
|
Batting: RHB Harry Ray
|
0-0: Called Strike 0-1: Ball 1-1: Foul Ball, location: 2F 1-2: Ball 2-2: Fly out, F8 (Flyball, 89M)
|
Batting: RHB Gil Olson
|
0-0: Foul Ball, location: 2F 0-1: Swinging Strike 0-2: Ball 1-2: Fly out, F8 (Flyball, 89S)
|
Batting: RHB António Costello
|
0-0: Ball 1-0: Ball 2-0: Foul Ball, location: 2F 2-1: SINGLE (Line Drive, 56D)
|
Pinch Hitting: RHB Dewitt Gray
|
0-0: Called Strike 0-1: Ball 1-1: Foul Ball, location: 2F 1-2: Strikes out swinging
|
Top of the 8th over - 0 runs, 1 hit, 0 errors, 1 left on base; Florida State 4 - Arizona State 3 |
BOTTOM OF THE 8TH |
Arizona State Sun Devils batting - Pitching for Florida State Seminoles : LHP Rick Wolf
|
Now in LF: Pat Young
|
|
Batting: LHB José Serrano
|
0-0: Called Strike 0-1: Called Strike 0-2: Ball 1-2: Foul Ball, location: 2F 1-2: Ball 2-2: Foul Ball, location: 2F 2-2: Foul Ball, location: 2F 2-2: Ground out 4-3 (Groundball, 4)
|
Batting: RHB Cristo Avalos
|
0-0: Ball 1-0: Foul Ball, location: 2F 1-1: Ball 2-1: Ground out 6-3 (Groundball, 6)
|
Batting: RHB Gil Gardner
|
0-0: Called Strike 0-1: DOUBLE (Flyball, 89D)
|
Pinch Hitting: RHB Joe Reed
|
0-0: Called Strike 0-1: Called Strike 0-2: Foul Ball, location: 2F 0-2: Ball 1-2: Strikes out swinging
|
Bottom of the 8th over - 0 runs, 1 hit, 0 errors, 1 left on base; Florida State 4 - Arizona State 3 |
TOP OF THE 9TH |
Florida State Seminoles batting - Pitching for Arizona State Sun Devils : RHP Jeff Pitts
|
Now at 2B: Neal O'Slattery
|
|
Batting: RHB Quentin Underwood
|
0-0: Ball 1-0: Called Strike 1-1: Foul Ball, location: 2F 1-2: Strikes out looking
|
Batting: LHB Connor Moss
|
0-0: Called Strike 0-1: Foul Ball, location: 2F 0-2: Strikes out swinging
|
Batting: RHB Bill Rice
|
0-0: Ball 1-0: Called Strike 1-1: Called Strike 1-2: Ball 2-2: Ground out 6-3 (Groundball, 6)
|
Top of the 9th over - 0 runs, 0 hits, 0 errors, 0 left on base; Florida State 4 - Arizona State 3 |
BOTTOM OF THE 9TH |
Arizona State Sun Devils batting - Pitching for Florida State Seminoles : LHP Rick Wolf
|
Pitching: RHP Jim Gorman
|
|
Batting: LHB Leonardo Ríos
|
0-0: Called Strike 0-1: Ball 1-1: SINGLE (Line Drive, 34)
|
Batting: RHB Robbie Harris
|
0-0: Ball 1-0: Swinging Strike 1-1: Foul Ball, location: 2F 1-2: Strikes out looking
|
Batting: LHB Christian Lindsey
|
0-0: Ball 1-0: Foul Ball, location: 2F 1-1: Foul Ball, location: 2F 1-2: Ball 2-2: Foul Ball, location: 2F 2-2: Foul Ball, location: 2F 2-2: Strikes out swinging
|
Batting: RHB Michael Irvin
|
0-0: Ball 1-0: Foul Ball, location: 2F 1-1: Swinging Strike 1-2: Ball 2-2: SINGLE (Groundball, 4MD) Leonardo Ríos to second
|
Batting: RHB Dan Utermarck
|
0-0: Called Strike 0-1: Called Strike 0-2: Ball 1-2: SINGLE (Groundball, 6MD) Leonardo Ríos to third Michael Irvin to second Runner from 3rd tries for Home, SAFE, no throw
|
Batting: LHB José Serrano
|
0-0: Foul Ball, location: 2F 0-1: Foul Ball, location: 2F 0-2: Strikes out swinging
|
Bottom of the 9th over - 1 run, 3 hits, 0 errors, 2 left on base; Florida State 4 - Arizona State 4 |
TOP OF THE 10TH |
Florida State Seminoles batting - Pitching for Arizona State Sun Devils : RHP Jeff Pitts
|
Pitching: RHP Cory Moore
|
|
Batting: LHB Millard Myers
|
0-0: Called Strike 0-1: Ball 1-1: Swinging Strike 1-2: Ball 2-2: Ball 3-2: Ground out 5-3 (Groundball, 5)
|
Batting: RHB Edgar Muñóz
|
0-0: Called Strike 0-1: Swinging Strike 0-2: Ball 1-2: Foul Ball, location: 2F 1-2: Fly out, F8 (Flyball, 8LS)
|
Batting: RHB Harry Ray
|
0-0: Ball 1-0: Ball 2-0: Foul Ball, location: 2F 2-1: Swinging Strike 2-2: Fly out, F6 (Line Drive, 6M)
|
Top of the 10th over - 0 runs, 0 hits, 0 errors, 0 left on base; Florida State 4 - Arizona State 4 |
BOTTOM OF THE 10TH |
Arizona State Sun Devils batting - Pitching for Florida State Seminoles : RHP Jim Gorman
|
Pitching: RHP Elvis Cuevas
|
|
Batting: RHB Cristo Avalos
|
0-0: Ball 1-0: Fly out, F4 (Popup, 4S)
|
Batting: RHB Gil Gardner
|
0-0: Called Strike 0-1: SOLO HOME RUN (Flyball, 8RXD), Distance : 402 ft
|
Saturday, April 7th, 2018 - OOTP Baseball 18.8 Build 76
|
|